TOP OF THE 1ST |
Gilbert Fire Fighters batting - Pitching for Clearwater Crab People : RHP Bill Williams
|
Pitching: RHP Bill Williams
|
|
Batting: RHB Ramón Maldonado
|
0-0: Called Strike 0-1: Called Strike 0-2: Ball 1-2: Foul Ball, location: 2F 1-2: Strikes out swinging
|
Batting: SHB José Salazar
|
0-0: Ball 1-0: Ball 2-0: Called Strike 2-1: Foul Ball, location: 2F 2-2: Strikes out swinging
|
Batting: LHB Matt Moore
|
0-0: Swinging Strike 0-1: Foul Ball, location: 2F 0-2: Hit by Pitch
|
Batting: RHB Bill Salinas
|
0-0: Ball Matt Moore steals 2nd base 1-0: Swinging Strike 1-1: Swinging Strike 1-2: Ball 2-2: Strikes out looking
|
Top of the 1st over - 0 run(s), 0 hit(s), 0 error(s), 1 left on base; Gilbert 0 - Clearwater 0 |
BOTTOM OF THE 1ST |
Clearwater Crab People batting - Pitching for Gilbert Fire Fighters : RHP Ángel Rodríguez
|
Pitching: RHP Ángel Rodríguez
|
|
Batting: LHB Stanley Smith
|
0-0: Fly out, F9 (Line Drive, 9)
|
Batting: RHB Palmer Frazier
|
0-0: Fly out, F7 (Flyball, 7)
|
Batting: LHB Greg MacCanish
|
0-0: Called Strike 0-1: Ball 1-1: Ball 2-1: Swinging Strike 2-2: Strikes out swinging
|
Bottom of the 1st over - 0 run(s), 0 hit(s), 0 error(s), 0 left on base; Gilbert 0 - Clearwater 0 |
TOP OF THE 2ND |
Gilbert Fire Fighters batting - Pitching for Clearwater Crab People : RHP Bill Williams
|
Batting: RHB John Field
|
0-0: Fly out, F9 (Line Drive, 9)
|
Batting: RHB Iván Romero
|
0-0: Called Strike 0-1: Ball 1-1: Ball 2-1: Ground out 4-3 (Groundball, 34)
|
Batting: RHB Jesús Acosta
|
0-0: Called Strike 0-1: Ball 1-1: Foul Ball, location: 2F 1-2: Ball 2-2: Ball 3-2: Strikes out swinging
|
Top of the 2nd over - 0 run(s), 0 hit(s), 0 error(s), 0 left on base; Gilbert 0 - Clearwater 0 |
BOTTOM OF THE 2ND |
Clearwater Crab People batting - Pitching for Gilbert Fire Fighters : RHP Ángel Rodríguez
|
Batting: SHB Pete Jones
|
0-0: Called Strike 0-1: Foul Ball, location: 2F 0-2: Foul Ball, location: 2F 0-2: Fly out, F9 (Line Drive, 9S)
|
Batting: LHB Ryan Martin
|
0-0: Called Strike 0-1: Foul Ball, location: 2F 0-2: Ball 1-2: Strikes out swinging
|
Batting: LHB José Pérez
|
0-0: Foul Ball, location: 2F 0-1: Ball 1-1: Ball 2-1: Foul Ball, location: 2F 2-2: Strikes out swinging
|
Bottom of the 2nd over - 0 run(s), 0 hit(s), 0 error(s), 0 left on base; Gilbert 0 - Clearwater 0 |
TOP OF THE 3RD |
Gilbert Fire Fighters batting - Pitching for Clearwater Crab People : RHP Bill Williams
|
Batting: RHB Alfonso Santiago
|
0-0: Ball 1-0: Ball 2-0: Swinging Strike 2-1: Ball 3-1: Foul Ball, location: 2F 3-2: Strikes out swinging
|
Batting: RHB Robbie Hopps
|
0-0: Ball 1-0: Foul Ball, location: 2F 1-1: Ground out 1-3 (Groundball, 15)
|
Batting: RHB Ramón Maldonado
|
0-0: Foul Ball, location: 2F 0-1: Called Strike 0-2: Strikes out swinging
|
Top of the 3rd over - 0 run(s), 0 hit(s), 0 error(s), 0 left on base; Gilbert 0 - Clearwater 0 |
BOTTOM OF THE 3RD |
Clearwater Crab People batting - Pitching for Gilbert Fire Fighters : RHP Ángel Rodríguez
|
Batting: RHB Glen Madden
|
0-0: DOUBLE (Line Drive, 8LD) - OUT at third base trying to stretch hit.
|
Batting: RHB Brandon Davis
|
0-0: Ball 1-0: Ball 2-0: Fly out, F8 (Flyball, 8RD)
|
Batting: RHB Bobby Burks
|
0-0: Ball 1-0: Called Strike 1-1: Foul Ball, location: 2F 1-2: Ball 2-2: Strikes out swinging, 2-3 out at first.
|
Bottom of the 3rd over - 0 run(s), 1 hit(s), 0 error(s), 0 left on base; Gilbert 0 - Clearwater 0 |
TOP OF THE 4TH |
Gilbert Fire Fighters batting - Pitching for Clearwater Crab People : RHP Bill Williams
|
Batting: SHB José Salazar
|
0-0: Ball 1-0: Ball 2-0: Ball 3-0: Base on Balls
|
Batting: LHB Matt Moore
|
0-0: Foul Ball, location: 2F 0-1: Foul Ball, location: 2F 0-2: Fly out, F7 (Flyball, 7)
|
Batting: RHB Bill Salinas
|
0-0: Swinging Strike 0-1: Ball Wild Pitch! José Salazar to second 1-1: Fly out, F9 (Flyball, 9S)
|
Batting: RHB John Field
|
0-0: Foul Ball, location: 2F 0-1: Foul Ball, location: 2F 0-2: Strikes out looking
|
Top of the 4th over - 0 run(s), 0 hit(s), 0 error(s), 1 left on base; Gilbert 0 - Clearwater 0 |
BOTTOM OF THE 4TH |
Clearwater Crab People batting - Pitching for Gilbert Fire Fighters : RHP Ángel Rodríguez
|
Batting: LHB Stanley Smith
|
0-0: Ball 1-0: Swinging Strike 1-1: Called Strike 1-2: Fly out, F9 (Line Drive, 89D)
|
Batting: RHB Palmer Frazier
|
0-0: Ball 1-0: Ground out 5-3 (Groundball, 56)
|
Batting: LHB Greg MacCanish
|
0-0: Foul Ball, location: 2F 0-1: Ball 1-1: Called Strike 1-2: Ball 2-2: Strikes out swinging
|
Bottom of the 4th over - 0 run(s), 0 hit(s), 0 error(s), 0 left on base; Gilbert 0 - Clearwater 0 |
TOP OF THE 5TH |
Gilbert Fire Fighters batting - Pitching for Clearwater Crab People : RHP Bill Williams
|
Batting: RHB Iván Romero
|
0-0: Foul Ball, location: 2F 0-1: Ground out 4-3 (Groundball, 4)
|
Batting: RHB Jesús Acosta
|
0-0: Swinging Strike 0-1: Swinging Strike 0-2: Strikes out swinging, 2-3 out at first.
|
Batting: RHB Alfonso Santiago
|
0-0: Foul Ball, location: 2F 0-1: Foul Ball, location: 2F 0-2: Ball 1-2: Foul Ball, location: 2F 1-2: Strikes out swinging
|
Top of the 5th over - 0 run(s), 0 hit(s), 0 error(s), 0 left on base; Gilbert 0 - Clearwater 0 |
BOTTOM OF THE 5TH |
Clearwater Crab People batting - Pitching for Gilbert Fire Fighters : RHP Ángel Rodríguez
|
Batting: SHB Pete Jones
|
0-0: Ball 1-0: Ball 2-0: Called Strike 2-1: Foul Ball, location: 2F 2-2: Ball 3-2: SOLO HOME RUN (Flyball, 89XD), Distance : 428 ft
|
Batting: LHB Ryan Martin
|
0-0: Called Strike 0-1: Ball 1-1: Foul Ball, location: 2F 1-2: Ball 2-2: Foul Ball, location: 2F 2-2: Ball 3-2: Foul Ball, location: 2F 3-2: Strikes out looking
|
Batting: LHB José Pérez
|
0-0: Foul Ball, location: 2F 0-1: Swinging Strike 0-2: Ground out 4-3 (Groundball, 4)
|
Batting: RHB Glen Madden
|
0-0: DOUBLE (Line Drive, 78D)
|
Batting: RHB Brandon Davis
|
0-0: Ball 1-0: Called Strike 1-1: Swinging Strike 1-2: Strikes out swinging
|
Bottom of the 5th over - 1 run(s), 2 hit(s), 0 error(s), 1 left on base; Gilbert 0 - Clearwater 1 |
TOP OF THE 6TH |
Gilbert Fire Fighters batting - Pitching for Clearwater Crab People : RHP Bill Williams
|
Batting: RHB Robbie Hopps
|
0-0: Ground out 5-3 (Groundball, 56)
|
Batting: RHB Ramón Maldonado
|
0-0: Called Strike 0-1: Foul Ball, location: 2F 0-2: DOUBLE (Flyball, 8LD)
|
Batting: SHB José Salazar
|
0-0: Called Strike 0-1: Foul Ball, location: 2F 0-2: Ball 1-2: Fly out, F4 (Popup, 4)
|
Batting: LHB Matt Moore
|
0-0: Called Strike 0-1: Swinging Strike 0-2: Ball 1-2: Ball 2-2: Ball 3-2: Base on Balls
|
Batting: RHB Bill Salinas
|
0-0: Ball 1-0: Called Strike 1-1: Fly out, F4 (Popup, 34D)
|
Top of the 6th over - 0 run(s), 1 hit(s), 0 error(s), 2 left on base; Gilbert 0 - Clearwater 1 |
BOTTOM OF THE 6TH |
Clearwater Crab People batting - Pitching for Gilbert Fire Fighters : RHP Ángel Rodríguez
|
Batting: RHB Bobby Burks
|
0-0: Swinging Strike 0-1: Ball 1-1: Foul Ball, location: 2F 1-2: Foul Ball, location: 2F 1-2: Ball 2-2: Foul Ball, location: 2F 2-2: Strikes out swinging
|
Batting: LHB Stanley Smith
|
0-0: Called Strike 0-1: Fly out, F6 (Popup, 6M)
|
Batting: RHB Palmer Frazier
|
0-0: Ball 1-0: Called Strike 1-1: SINGLE (Line Drive, 56D)
|
Pitching: RHP Jorge Álvarez
|
|
Batting: LHB Greg MacCanish
|
0-0: Ball 1-0: Foul Ball, location: 2F 1-1: Swinging Strike 1-2: Fly out, F9 (Flyball, 9)
|
Bottom of the 6th over - 0 run(s), 1 hit(s), 0 error(s), 1 left on base; Gilbert 0 - Clearwater 1 |
TOP OF THE 7TH |
Gilbert Fire Fighters batting - Pitching for Clearwater Crab People : RHP Bill Williams
|
Pitching: RHP Pablo Borges
|
|
Batting: RHB John Field
|
0-0: Ball 1-0: Foul Ball, location: 2F 1-1: Ground out 5-3 (Groundball, 56S)
|
Batting: RHB Iván Romero
|
0-0: Ball 1-0: Ball 2-0: Ball 3-0: Called Strike 3-1: Called Strike 3-2: Strikes out swinging
|
Batting: RHB Jesús Acosta
|
0-0: Called Strike 0-1: Ball 1-1: Foul Ball, location: 2F 1-2: Strikes out looking
|
Top of the 7th over - 0 run(s), 0 hit(s), 0 error(s), 0 left on base; Gilbert 0 - Clearwater 1 |
BOTTOM OF THE 7TH |
Clearwater Crab People batting - Pitching for Gilbert Fire Fighters : RHP Jorge Álvarez
|
Batting: SHB Pete Jones
|
0-0: Called Strike 0-1: Ball 1-1: Ball 2-1: Ball 3-1: Foul Ball, location: 2F 3-2: Base on Balls
|
Pinch Hitting: LHB Pedro Escobar
|
0-0: Ball 1-0: 2-RUN HOME RUN (Flyball, 8RXD), Distance : 451 ft
|
Batting: LHB José Pérez
|
0-0: Called Strike 0-1: Ball 1-1: Ball 2-1: Ball 3-1: Foul Ball, location: 2F 3-2: Foul Ball, location: 2F 3-2: Fly out, F8 (Line Drive, 8LS)
|
Batting: RHB Glen Madden
|
0-0: Called Strike 0-1: SOLO HOME RUN (Flyball, 7D), Distance : 402 ft
|
Batting: RHB Brandon Davis
|
0-0: Called Strike 0-1: Swinging Strike 0-2: Ball 1-2: Ball 2-2: Strikes out swinging
|
Batting: RHB Bobby Burks
|
0-0: Ball 1-0: Called Strike 1-1: Foul Ball, location: 2F 1-2: Ball 2-2: Ball 3-2: Base on Balls
|
Batting: LHB Stanley Smith
|
0-0: Called Strike Bobby Burks steals 2nd base 0-1: Ball 1-1: Foul Ball, location: 2F 1-2: Strikes out swinging
|
Bottom of the 7th over - 3 run(s), 2 hit(s), 0 error(s), 1 left on base; Gilbert 0 - Clearwater 4 |
TOP OF THE 8TH |
Gilbert Fire Fighters batting - Pitching for Clearwater Crab People : RHP Pablo Borges
|
Now in LF: Carlos González
|
|
Batting: RHB Alfonso Santiago
|
0-0: Ball 1-0: Ball 2-0: Swinging Strike 2-1: Foul Ball, location: 2F 2-2: Foul Ball, location: 2F 2-2: Ball 3-2: Strikes out looking
|
Batting: RHB Robbie Hopps
|
0-0: Called Strike 0-1: Swinging Strike 0-2: Ball 1-2: Strikes out swinging, 2-3 out at first.
|
Batting: RHB Ramón Maldonado
|
0-0: Ground out 6-3 (Groundball, 6)
|
Top of the 8th over - 0 run(s), 0 hit(s), 0 error(s), 0 left on base; Gilbert 0 - Clearwater 4 |
BOTTOM OF THE 8TH |
Clearwater Crab People batting - Pitching for Gilbert Fire Fighters : RHP Jorge Álvarez
|
Pitching: RHP Dave Brooks
|
|
Batting: RHB Palmer Frazier
|
0-0: Called Strike 0-1: Foul Ball, location: 2F 0-2: Ball 1-2: Fly out, F7 (Flyball, 78S)
|
Batting: LHB Greg MacCanish
|
0-0: Swinging Strike 0-1: Ball 1-1: Ball 2-1: Ground out 4-3 (Groundball, 4)
|
Batting: SHB Pete Jones
|
0-0: Ball 1-0: Ball 2-0: Called Strike 2-1: Ball 3-1: Foul Ball, location: 2F 3-2: Strikes out swinging
|
Bottom of the 8th over - 0 run(s), 0 hit(s), 0 error(s), 0 left on base; Gilbert 0 - Clearwater 4 |
TOP OF THE 9TH |
Gilbert Fire Fighters batting - Pitching for Clearwater Crab People : RHP Pablo Borges
|
Batting: SHB José Salazar
|
0-0: Ball 1-0: Foul Ball, location: 2F 1-1: Ball 2-1: Foul Ball, location: 2F 2-2: Ground out 6-3 (Groundball, 6)
|
Batting: LHB Matt Moore
|
0-0: Ball 1-0: Foul Ball, location: 2F 1-1: Fly out, F8 (Flyball, 8RD)
|
Batting: RHB Bill Salinas
|
0-0: Ball 1-0: Foul Ball, location: 2F 1-1: Ball 2-1: Ball 3-1: Called Strike 3-2: Foul Ball, location: 2F 3-2: SOLO HOME RUN (Flyball, 7D), Distance : 385 ft
|
Batting: RHB John Field
|
0-0: Ball 1-0: Called Strike 1-1: Swinging Strike 1-2: Foul Ball, location: 2F 1-2: Foul Ball, location: 2F 1-2: Foul Ball, location: 2F 1-2: Strikes out looking
|
Top of the 9th over - 1 run(s), 1 hit(s), 0 error(s), 0 left on base; Gilbert 1 - Clearwater 4 |
|